 Dungeon Crawl Stone Soup version 0.19-a0-1207-g69d5fc3 (webtiles) character file.

1651 PurpleRed the Thaumaturge (level 8, 0/41 HPs)
             Began as a Deep Elf Fire Elementalist on Aug 21, 2016.
             Slain by an iguana (11 damage)
             ... on level 7 of the Dungeon.
             The game lasted 00:22:22 (2002 turns).

PurpleRed the Thaumaturge (DEFE)                    Turns: 2002, Time: 00:22:23

Health: 0/41       AC:  5    Str:  5    XL:     8   Next: 68%
Magic:  12/22      EV: 13    Int: 23    God:
Gold:   388        SH:  0    Dex: 15    Spells: 4 memorised, 12 levels left

rFire  + . .     SeeInvis +     m - +0 blowgun
rCold  . . .     Gourm    .     a - +0 robe
rNeg   . . .     Faith    .     (no shield)
rPois  .         Spirit   .     s - +2 helmet
rElec  .         Dismiss  .     (no cloak)
rCorr  .         Reflect  .     (no gloves)
MR     .....     Harm     .     (no boots)
Stlth  ++........               (no amulet)
                                x - ring of protection from fire
                                i - ring of see invisible

@: no status effects
A: no striking features
a: no special abilities


You were on level 7 of the Dungeon.
You were not hungry.

You visited 2 branches of the dungeon, and saw 8 of its levels.

You collected 388 gold pieces.

Inventory:

Hand Weapons
 j - a +0 hunting sling of velocity
 m - a +0 blowgun (weapon)
 t - a +0 battleaxe
 u - a +2 halberd of venom
 w - a +0 whip of freezing
Missiles
 n - 37 poisoned needles (quivered)
 B - 2 throwing nets
Armour
 a - a +0 robe (worn)
 s - a +2 helmet (worn)
Jewellery
 i - a ring of see invisible (left hand)
 l - an uncursed ring of ice
 x - a ring of protection from fire (right hand)
Wands
 d - a wand of lightning (2/15)
 g - a wand of random effects (6/48)
 y - a wand of enslavement (8/24)
Scrolls
 e - a scroll of holy word
 v - 2 scrolls of remove curse
 F - a scroll of recharging
 G - a scroll of enchant weapon {unknown}
 H - a scroll of noise {unknown}
Potions
 f - a potion of heal wounds
 h - a potion of resistance
 k - 2 potions of degeneration {unknown}
 o - 2 potions of flight {unknown}
 q - a potion of cure mutation {unknown}
 r - a potion of berserk rage {unknown}
 A - a potion of agility {unknown}
 C - a potion of cancellation {unknown}
Books
 b - a book of Flames

   Spells                             Type                      Level
   a - Flame Tongue                   Conjuration/Fire             1
   b - Throw Flame                    Conjuration/Fire             2
   c - Conjure Flame                  Conjuration/Fire             3
   d - Inner Flame                    Hexes/Fire                   3
   e - Sticky Flame                   Conjuration/Fire             4
   f - Fireball                       Conjuration/Fire             5
 D - a book of Changes

   Spells                             Type                      Level
   a - Beastly Appendage              Transmutation                1
   b - Sticks to Snakes               Transmutation                2
   c - Spider Form                    Transmutation/Poison         3
   d - Ice Form                       Ice/Transmutation            4
   e - Blade Hands                    Transmutation                5
Comestibles
 c - 4 bread rations
 p - 3 meat rations
 z - a beef jerky
 E - 2 chunks of flesh


   Skills:
 - Level 2.4 Dodging
 - Level 2.4 Stealth
 + Level 8.9 Spellcasting
 + Level 8.0 Conjurations
 + Level 6.6 Fire Magic


You had 12 spell levels left.
You knew the following spells:

 Your Spells              Type           Power        Failure   Level  Hunger
a - Flame Tongue          Conj/Fire      #####        1%          1    None
b - Throw Flame           Conj/Fire      #####.       1%          2    None
c - Sticky Flame          Conj/Fire      #####...     3%          4    ##.....
d - Fireball              Conj/Fire      #####.....   10%         5    ####...


Dungeon Overview and Level Annotations

Branches:
Dungeon (7/15)             Temple (1/1) D:7

Altars:
Cheibriados
Dithmenos
Elyvilon
Fedhas
Gozag
Kikubaaqudgha
Makhleb
Okawaru
Qazlal
Trog
Uskayaw
Xom
Yredelemnul
Zin

Shops:
D:6 }


Message History

An iguana comes into view.
There is a staircase to the Ecumenical Temple here.
You climb downwards.
Welcome to the Ecumenical Temple!
Found eleven altars.
There is a staircase back to the Dungeon here.
You climb upwards.
Welcome back to the Dungeon!
There is a staircase to the Ecumenical Temple here.
You now have 388 gold pieces (gained 14).
The iguana hisses angrily. x2
Casting: Flame Tongue
Confirm with . or Enter, or press ? or * to list all spells.
Aiming: Sticky Flame
Press: ? - help, Shift-Dir - straight line, f - iguana
Aim: an iguana The sticky flame hits the iguana.
The iguana is lightly wounded.
The iguana is covered in liquid flames!
The iguana burns!
The iguana completely misses you.
The iguana burns!
The iguana bites you!
You die...

*****#*,,#.*#.#.#...#.##..#*,*,,,
,,,,,..,,#.##.#.#......#..#*.#,,,
******#.,#....#.#......#..#*.#,,,
#..#..........#.##..##.#***
#.#...#..........,.....*
*****##.........#.###.#,#.#..*
*,,,,...........#.###.#.#.#.#####
*,,,,.......#..ll>..#.#.#........
*,,,,.......#..#@.#.....###.#####
*,,,,.......#.....#...#** #.# #.
*,,,,.......#..#..##..# ##'####.
,,,,,.......#.>.......####....##.
,,,,,.......##.##(.......#....##.
,,,,,..........##..#..........##.
,*,,,,,,....#####(.##.####....##.
,+,,,,,,.................+....##.
,*,,,,,,....#########.####....##.


You could see 2 iguanas.

Vanquished Creatures
  Pikel (D:5)
  4 slaves (D:5)
  An orc warrior (D:6)
  3 ogres
  A phantom (D:4)
  A centaur (D:7)
  A giant frog (D:7)
  A gnoll sergeant (D:7)
  A scorpion (D:6)
  2 howler monkeys (D:5)
  A jelly (D:7)
  A giant frog skeleton (D:5)
  A centaur skeleton (D:5)
  An iguana (D:4)
  3 worker ants
  2 howler monkey zombies
  9 adders
  4 gnolls (D:7)
  A howler monkey skeleton (D:3)
  A shadow imp (D:5)
  A worm (D:4)
  2 dart slugs
  3 giant geckos
  4 orcs
  2 ball pythons (D:5)
  3 giant cockroaches
  6 goblins
  4 hobgoblins (D:1)
  11 jackals
  3 kobolds (D:3)
  6 bats
  2 giant gecko skeletons
  4 giant newts
  6 rats
97 creatures vanquished.

Notes
Turn   | Place    | Note
-------+----------+-------------------------------------------
     0 | D:1      | PurpleRed the Deep Elf Fire Elementalist began the quest for the Orb.
     0 | D:1      | Reached XP level 1. HP: 10/10 MP: 6/6
   119 | D:1      | Reached XP level 2. HP: 12/15 MP: 5/8
   253 | D:1      | Learned a level 2 spell: Throw Flame
   274 | D:2      | Reached XP level 3. HP: 16/19 MP: 3/10
   501 | D:2      | Reached XP level 4. HP: 15/24 MP: 7/12
   570 | D:4      | Noticed a phantom
   619 | D:3      | Found a burning altar of Makhleb.
   699 | D:4      | Noticed an ogre
   746 | D:3      | Learned a level 4 spell: Sticky Flame
   747 | D:4      | HP: 1/24 [jackal (2)]
   774 | D:4      | Killed an ogre
   774 | D:4      | Reached XP level 5. HP: 4/28 MP: 5/14
   850 | D:5      | Entered Level 5 of the Dungeon
   850 | D:5      | Noticed an ogre
   851 | D:5      | Found a shimmering altar of Xom.
   856 | D:5      | Killed an ogre
   856 | D:5      | Reached skill level 5 in Spellcasting
   856 | D:5      | Reached skill level 5 in Conjurations
   858 | D:5      | Reached XP level 6. HP: 11/32 MP: 10/16
   866 | D:5      | Learned a level 5 spell: Fireball
  1095 | D:4      | HP: 1/32 [adder (1)]
  1176 | D:4      | Reached XP level 7. HP: 20/36 MP: 0/18
  1301 | D:5      | Noticed Pikel
  1354 | D:5      | Killed Pikel
  1354 | D:5      | Reached skill level 5 in Fire Magic
  1354 | D:5      | Reached XP level 8. HP: 12/41 MP: 1/21
  1602 | D:6      | Found Dieczeun's Gadget Boutique.
  1693 | D:6      | Found a hide-covered altar of Uskayaw.
  1693 | D:6      | Noticed a dagger
  1693 | D:6      | Noticed a hand axe
  1960 | D:7      | Found a staircase to the Ecumenical Temple.
  1989 | Temple   | Entered the Ecumenical Temple
  2002 | D:7      | Slain by an iguana

Vault maps used:
D:1:      denvon_arrival_planthouse, hangedman_decor_points
D:2:      minmay_misc_feat_four_crosses
D:3:      eino_tiny_chamber, bloody_makhleb
D:4:      nicolae_ru_the_path_less_chosen, uniq_grinder
D:5:      xom_butterflies, first_bread, uniq_pikel
D:6:      dancing_weapons_uskayaw, serial_shops, shop_coins, uniq_menkaure
Temple:   minmay_freezing_vapour_temple

Skill      XL: |  1  2  3  4  5  6  7  8 |
---------------+-------------------------+-----
Conjurations   | 2 3 4 5 6 7 8 |  8.0
Spellcasting   | 4 5 6 7 8 |  8.9
Fire Magic     | 4 5 6 |  6.6
Dodging        | |  2.4
Stealth        | |  2.4

Action                   |  1- 3 |  4- 6 |  7- 9 || total
-------------------------+-------+-------+-------++-------
Melee: Club              |    18 |     2 |       ||    20
       Hand axe          |       |    21 |     8 ||    29
       Whip              |       |       |     3 ||     3
 Fire: Blowgun           |       |       |     3 ||     3
 Cast: Flame Tongue      |    48 |    67 |    30 ||   145
       Sticky Flame      |       |     4 |    19 ||    23
       Throw Flame       |       |     1 |       ||     1
       Fireball          |       |       |     2 ||     2
Evoke: Wand              |       |       |     7 ||     7
  Use: Scroll            |       |     5 |     6 ||    11
       Potion            |       |     1 |       ||     1
 Stab: Paralysed         |       |       |     8 ||     8
  Eat: Chunk             |       |     1 |     5 ||     6
Armor: Robe              |     7 |    31 |     5 ||    43
Dodge: Dodged            |    46 |    59 |    27 ||   132
